 Dungeon Crawl Stone Soup version 0.20-a0-1006-ge6c5631 (webtiles) character file.

18 M4edhros the Grave Robber (level 2, 0/17 HPs)
             Began as an Octopode Necromancer on Apr 13, 2017.
             Slain by a human zombie (4 damage)
             ... in an ossuary.
             The game lasted 00:02:15 (436 turns).

M4edhros the Grave Robber (Octopode Necromancer)     Turns: 436, Time: 00:02:16

Health: 0/17       AC:  1    Str:  7    XL:     2   Next: 66%
Magic:  5/5        EV: 13    Int: 17    God:
Gold:   33         SH:  0    Dex: 12    Spells: 3/5 levels left

rFire    . . .     SeeInvis .     - Unarmed
rCold    . . .     Gourm    .   (no shield)
rNeg     . . .     Faith    .   (helmet restricted)
rPois    .         Spirit   .   (no amulet)
rElec    .         Reflect  .   (no ring)
rCorr    .         Harm     .   (no ring)
MR       .....                  (no ring)
Stlth    +++.......             (no ring)
Regen    0.1/turn               (no ring)
MPRegen  0.1/turn               (no ring)
                                (no ring)
                                (no ring)

@: no status effects
A: almost no armour, stealthy swim, amphibious, 8 rings, constrict 8, camouflage
1, gelatinous body 1
a: no special abilities


You were in an ossuary.
You were not hungry.

You visited 1 branch of the dungeon, and saw 5 of its levels.
You also visited: Ossuary.

You collected 33 gold pieces.

Inventory:

Scrolls
 d - a scroll of remove curse {unknown}
 e - 2 scrolls of fear
 f - a scroll of enchant armour {unknown}
 h - a scroll of amnesia {unknown}
Books
 a - a book of Necromancy

   Spells                             Type                      Level
   a - Pain                           Necromancy                   1
   b - Animate Skeleton               Necromancy                   1
   c - Vampiric Draining              Necromancy                   3
   d - Regeneration                   Charms/Necromancy            3
   e - Animate Dead                   Necromancy                   4
   f - Control Undead                 Necromancy                   4
Comestibles
 b - a bread ration
 c - 4 fruits
 g - 3 chunks of flesh


   Skills:
 - Level 2.0 Dodging
 - Level 2.6 Stealth
 + Level 2.2 Unarmed Combat
 - Level 2.0 Spellcasting
 - Level 4.0 Necromancy


You had 3 spell levels left.
You knew the following spells:

 Your Spells              Type           Power        Failure   Level  Hunger
a - Pain                  Necr           ###.         3%          1    #......
b - Animate Skeleton      Necr           N/A          3%          1    #......


Dungeon Overview and Level Annotations

Branches:
Dungeon (5/15)
 Temple: D:4-7

Altars:


Innate Abilities, Weirdness & Mutations

You cannot wear most types of armour.
You are very stealthy in the water. (Stealth+)
You are amphibious.
You can wear up to eight rings at the same time.
You can use your tentacles to constrict eight enemies at once.
Your skin changes colour to match your surroundings (Stealth+).
Your rubbery body absorbs attacks. (AC +1, EV +1)


Message History

Okay, then.
As you read the scroll labeled UFARONG XUORPH, it crumbles to dust.
You assume a fearsome visage.
The human zombie is unaffected.
It was a scroll of fear.
You tentacle-slap the human zombie. You grab the human zombie.
The human zombie is lightly damaged.
You constrict the human zombie. The human zombie hits you!
* * * LOW HITPOINT WARNING * * *
You tentacle-slap the human zombie but do no damage.
The human zombie is lightly damaged.
You constrict the human zombie. The human zombie closely misses you.
You tentacle-slap the human zombie but do no damage.
Your squeeze misses the human zombie.
The human zombie is lightly damaged.
You constrict the human zombie.
You tentacle-slap the human zombie but do no damage.
You squeeze the human zombie.
The human zombie is lightly damaged.
You constrict the human zombie. The human zombie hits you.
You die...

#########
#...#...#
#.∩.'.∩.#
#.@.#...#
##Z######
... #...8
#.....
##8...8
.......
...8...#


You could see a human zombie.

Vanquished Creatures
  An orc (D:4)
  4 jackals (D:5)
  A frilled lizard (D:1)
  A goblin (D:3)
  A kobold (D:1)
  A rat (D:1)
9 creatures vanquished.

Vanquished Creatures (collateral kills)
  An adder (D:4)
1 creature vanquished.

Grand Total: 10 creatures vanquished

Notes
Turn   | Place    | Note
-------+----------+-------------------------------------------
     0 | D:1      | M4edhros the Octopode Necromancer began the quest for the Orb.
     0 | D:1      | Reached XP level 1. HP: 11/11 MP: 3/3
   128 | D:4      | Noticed an orc wizard
   141 | D:4      | Reached skill level 1 in Unarmed Combat
   146 | D:4      | Learned a level 1 spell: Animate Skeleton
   260 | D:4      | Reached XP level 2. HP: 7/17 MP: 0/5
   270 | D:4      | Noticed a phantom
   345 | D:5      | Entered Level 5 of the Dungeon
   386 | D:5      | Noticed a phantom
   413 | D:4      | Found a sand-covered staircase.
   419 | Ossuary  | Entered an ossuary
   436 | Ossuary  | Slain by a human zombie

Vault maps used:
D:1:      dpeg_arrival_arbitrary_c
D:2:      lemuel_round_altar, first_bread
D:3:      nicolae_overflow_hidden_temple, nicolae_overflow_crystal_walls,
          lemuel_doored_altar
D:4:      minmay_opposing_rooms, nicolae_ossuary_entry_plus
D:5:      lemuel_crystal_altar, grunt_ashenzari_visionary, uniq_iyjb
Ossuary:  ossuary_minmay_scorpions

Skill      XL: |  1  2 |
---------------+-------+-----
Unarmed Combat | 1 2 |  2.2
Dodging        | |  2.0
Stealth        | |  2.6
Spellcasting   | |  2.0
Necromancy     | |  4.0

Action                   || total
-------------------------++-------
Melee: Unarmed           ||    24
       Constrict         ||     6
       Tentacles         ||     5
 Cast: Pain              ||     9
       Animate Skeleton  ||     3
  Use: Potion            ||     1
       Scroll            ||     1
 Stab: Sleeping          ||     1
Armor: Skin              ||     2
Dodge: Dodged            ||    13
